 Dungeon Crawl Stone Soup version 0.31-a0-978-g1e143483b6 (webtiles) character file.

Game seed: 577719217367358475

134 Arzdou the Cudgeller (level 4, -5/38 HPs)
             Began as an Armataur Gladiator on Oct 30, 2023.
             Slain by a scorpion (6 damage)
             ... on level 4 of the Dungeon.
             The game lasted 00:03:11 (1631 turns).

Arzdou the Cudgeller (Armataur Gladiator)           Turns: 1631, Time: 00:03:11

Health: -5/38      AC:  5    Str: 22    XL:     4   Next: 95%
Magic:  4/4        EV: 10    Int:  8    God:
Gold:   131        SH:  0    Dex: 11    Spells: 3/3 levels left

rFire   . . .        a - +0 flail
rCold   + . .        (no shield)
rNeg    . . .        n - +0 robe {rC+}
rPois   .            c - +0 helmet
rElec   .            (no cloak)
rCorr   .            (no gloves)
SInv    .            (no barding)
Will    .....        (no amulet)
Stlth   +            (no ring)
HPRegen 0.26/turn    (no ring)
MPRegen 0.09/turn

%: roll
@: no status effects
A: large, rugged brown scales 3, deformed body, armoured tail, roll, long
tongue, awkward tongue
a: no special abilities


You were on level 4 of the Dungeon.
You visited 1 branch of the dungeon, and saw 4 of its levels.

You collected 131 gold pieces.

Inventory:

Hand Weapons
 a - a +0 flail (weapon)
Missiles
 d - 3 throwing nets (quivered)
 e - a javelin
Armour
 c - a +0 helmet (worn)
 j - a +0 ring mail
 n - a +0 robe of cold resistance (worn)
Wands
 b - a wand of charming (4)
Scrolls
 f - a scroll of enchant weapon {unknown}
 g - a scroll of blinking {unknown}
 h - a scroll of vulnerability {unknown}
 i - a scroll of acquirement {unknown}
 k - 3 scrolls of fog {unknown}
 m - a scroll of identify {unknown}
 o - a scroll of revelation {unknown}
Potions
 l - a potion of heal wounds {unknown}


   Skills:
 - Level 1.8 Fighting
 + Level 5.1 Maces & Flails
 - Level 1.8 Throwing
 - Level 2.2 Dodging


You had 3 spell levels left.
You didn't know any spells.
Your spell library was empty.

Dungeon Overview and Level Annotations

Branches:
Dungeon (4/15)
 Temple: D:4-7

Altars:
Hepliaklqana


Innate Abilities, Weirdness & Mutations

You are completely covered in rugged brown scales. (AC +3, +7% HP)
Armour fits poorly on your strangely shaped body.
You have a long armoured tail.
You roll when moving toward enemies. (Rampage)
Your long tongue fully drains potion bottles. (2x potion effects)
Your tongue gives you trouble enunciating. (1.5x scroll delay)


Message History

You climb downwards.
There is a stone staircase leading up here.
You hit the orc wizard. You tail-slap the orc wizard!
You kill the orc wizard!
Your Maces & Flails skill increases to level 5!
No target in view!
No target in view!
A scorpion comes into view.
There is a stone staircase leading up here.
You start resting.
HP restored.
You climb upwards.
There is a stone staircase leading down here.
There is a stone staircase leading down here.
You climb downwards.
Found a scroll labelled ZOEFEA TIUDD and 9 gold pieces.
There is a stone staircase leading up here.
No target in view!
Found a mace.
You now have 117 gold pieces (gained 9).
o - a scroll labelled ZOEFEA TIUDD You now have 131 gold pieces (gained 14).
Found a club.
Found a beast talisman.
An ogre comes into view. It is wielding a +0 giant club.
You roll towards the ogre!
You roll towards the ogre!
You sock the ogre!
The ogre is moderately wounded.
The ogre closely misses you. The ogre attacks as it pursues you!
The ogre closely misses you. The scorpion completely misses you.
The scorpion attacks as it pursues you! The scorpion stings you.
The ogre attacks as it pursues you!
The ogre hits you with a +0 giant club!!
Ouch! That really hurt!
* * * LOW HITPOINT WARNING * * *
The scorpion attacks as it pursues you! The scorpion misses you.
The scorpion stings you.
You die...

..........# #####'#....
..........####..<.......
.............#..)....#<.
.........%#...........#.
..........#..#........#.
..........#..#........#.
.......O###. #.######.##
#######s# #. #.# ###.#
#@# # #.. ....## #.# ...
...... #.# .## ##.## #.#
# #.# ## #.# #.
#.###############.
#.............##..
#############.##.#


You could see an ogre and a scorpion.

Vanquished Creatures
  An orc priest (D:3)
  Ijyb (D:3)
  An orc wizard (D:4)
  An adder (D:2)
  2 worms (D:3)
  A dart slug (D:3)
  3 orcs (D:3)
  3 ball pythons
  4 endoplasms
  3 giant cockroaches
  3 goblins
  4 jackals (D:2)
  4 bats
  3 frilled lizards
  4 rats
38 creatures vanquished.

Notes
Turn   | Place    | Note
-------+----------+-------------------------------------------
     0 | D:1      | Arzdou the Armataur Gladiator began the quest for the Orb.
     0 | D:1      | Reached XP level 1. HP: 18/18 MP: 1/1
   107 | D:1      | You fall into a shaft and drop 1 floor!
   118 | D:2      | Reached skill level 3 in Maces & Flails
   262 | D:2      | Reached XP level 2. HP: 24/24 MP: 2/2
   650 | D:2      | Reached XP level 3. HP: 31/31 MP: 3/3
   933 | D:3      | Found a hazy altar of Hepliaklqana.
   941 | D:3      | Reached skill level 4 in Maces & Flails
  1086 | D:3      | Noticed Ijyb
  1109 | D:3      | Killed Ijyb
  1190 | D:3      | Reached XP level 4. HP: 38/38 MP: 4/4
  1525 | D:4      | Reached skill level 5 in Maces & Flails
  1543 | D:4      | Noticed a scorpion
  1622 | D:4      | Noticed an ogre
  1629 | D:4      | HP: 1/38 [ogre/+0 giant club (34)]
  1631 | D:4      | Slain by a scorpion

Illustrated notes

Levels and vault maps discovered:
D:1:      dreamdust_arrival_sigmund_warning, layout_basic, chequers_jeans
D:2:      layout_loops_ring
D:3:      layout_rooms, lemuel_tele_altar, st_stairs_8,
          small_statue_intersection, nicolae_elevator_lobby_plus, uniq_ijyb
D:4:      layout_basic, ashenzari_altar_1, minmay_temple_entry_large_hall,
          pf_guarded_unrand_meek

Skill      XL: |  1  2  3  4 |
---------------+-------------+-----
Maces & Flails | 3 4 5 |  5.1
Fighting       | |  1.8
Throwing       | |  1.8
Dodging        | |  2.2

Action                     |  1- 3 |  4- 6 || total
---------------------------+-------+-------++-------
  Melee: Flail             |    93 |    19 ||   112
         Tailslap          |    10 |     2 ||    12
    Use: Potion            |     1 |       ||     1
 Armour: Leather armour    |    13 |       ||    13
         Ring mail         |    54 |       ||    54
         Robe              |       |    18 ||    18
  Dodge: Dodged            |    33 |    15 ||    48

Table legend: (Time is in decaauts)
 A = Elapsed time spent in this place.
 B = Non-inter-level travel time spent in this place.
 C = Inter-level travel time spent in this place.
 D = Time resting spent in this place.
 E = Time spent auto-exploring this place.
 F = Levels seen in this place.
 G = Mean time per level.
                   A        B        C        D        E       F      G
               +--------+--------+--------+--------+--------+-----+--------+
         Total |   1658 |   1591 |     67 |      4 |   1246 |   4 |  414.5 |
       Dungeon |   1658 |   1591 |     67 |      4 |   1246 |   4 |  414.5 |
               +--------+--------+--------+--------+--------+-----+--------+

Top non-repeatable levels by time:
     D:3: 716 daAuts
     D:2: 712 daAuts
     D:4: 119 daAuts
     D:1: 109 daAuts
